 Dungeon Crawl Stone Soup version 0.17-a0-1804-gf6433eb (webtiles) character file.

5245 luca467 the Martial Artist (level 10, 80/80 HPs)
             Began as a Demonspawn Monk on Sept 11, 2015.
             Quit the game on level 9 of the Dungeon.
             The game lasted 00:46:50 (10699 turns).

luca467 the Martial Artist (Demonspawn Monk)       Turns: 10699, Time: 00:46:50

Health: 80/80      AC:  6    Str: 11    XL:     10   Next: 36%
Magic:  19/19      EV: 19    Int: 13    God:
Gold:   221        SH:  0    Dex: 20    Spells: 0 memorised, 9 levels left

rFire  . . .     SeeInvis .       - Unarmed
rCold  . . .     Clarity  +     a - +0 robe
rNeg   . . .     SustAt   .     (no shield)
rPois  .         Gourm    .     j - +2 helmet
rElec  .         Spirit   .     J - +0 cloak
rCorr  .         Warding  .     (no gloves)
rMut   .         Stasis   .     (no boots)
MR     .....                    (no amulet)
Stlth  +++.......               p - ring of magical power
                                o - ring of stealth

@: not resistant to hostile enchantments, fairly stealthy
A: claws 2, agile 1, berserk 1, clarity, mutation resistance 1
a: no special abilities


You were on level 9 of the Dungeon.
You were hungry.

You visited 2 branches of the dungeon, and saw 10 of its levels.
You also visited: Sewer.

You collected 346 gold pieces.
You spent 125 gold pieces at shops.

Inventory:

Armour
 a - a +0 robe (worn)
 j - a +2 helmet (worn)
 s - a +0 buckler
 J - a +0 cloak (worn)
 K - a +2 buckler
Jewellery
 o - a ring of stealth (left claw)
 p - a ring of magical power (right claw)
Magical devices
 l - a wand of frost (27)
 m - a wand of polymorph (13)
 q - a wand of polymorph (9)
 r - a wand of paralysis (8)
 t - a wand of disintegration (10)
 v - a wand of slowing (9)
 w - a wand of magic darts (31)
 D - a wand of draining (8)
 E - a wand of confusion (32)
 L - a wand of disintegration (8)
Scrolls
 e - a scroll of magic mapping
 h - 3 scrolls of recharging
 n - 3 scrolls of remove curse
 x - 3 scrolls of blinking
 A - a scroll of identify
 B - 2 scrolls of enchant weapon
 C - a scroll of enchant armour {unknown}
Potions
 c - a potion of brilliance {unknown}
 d - a potion of ambrosia {unknown}
 f - 2 potions of might {unknown}
 g - a potion of cancellation
 u - a potion of haste
 z - 3 potions of agility
 F - a potion of poison
 G - a potion of flight
Books
 y - the Disquisition on Cloudy Aid
   (You found it on level 6 of the Dungeon)

   Spells                             Type                      Level
   a - Infusion                       Charms                       1
   b - Repel Missiles                 Charms/Air                   2
   c - Song of Slaying                Charms                       2
   d - Deflect Missiles               Charms/Air                   6
   e - Ring of Flames                 Charms/Fire                  7
 I - a book of Death

   Spells                             Type                      Level
   a - Corpse Rot                     Necromancy                   2
   b - Sublimation of Blood           Necromancy                   2
   c - Agony                          Necromancy                   5
   d - Dispel Undead                  Necromancy                   5
   e - Excruciating Wounds            Charms/Necromancy            5
   f - Bolt of Draining               Conjuration/Necromancy       5
Comestibles
 b - 6 bread rations
 i - 10 beef jerkies
 k - 7 fruits
 H - a slice of pizza


   Skills:
 + Level 8.0 Fighting
 + Level 7.7 Dodging
 - Level 1.7 Stealth
 * Level 10.7 Unarmed Combat


You had 9 spell levels left.
You didn't know any spells.

Dungeon Overview and Level Annotations

Branches:
Dungeon (9/15)             Temple (1/1) D:7
   Lair: D:8-11         Orc: D:9-12

Altars:
Ashenzari
Cheibriados
Dithmenos
Elyvilon
Fedhas
Gozag
Makhleb
Nemelex Xobeh
Okawaru
Qazlal
Ru
Sif Muna
Trog
Xom
Yredelemnul
Zin
The Shining One

Shops:
D:7 !


Innate Abilities, Weirdness & Mutations

You have very sharp fingernails.
You are agile. (Dex +2)
You tend to lose your temper in combat.
You possess an exceptional clarity of mind.
You are somewhat resistant to further mutation.


Message History

Done exploring.
You see here 13 sling bullets of flame.
You see here a giant spiked club.
Things that are here:
a battleaxe; 34 stones; a chain mail
Things that are here:
a giant club; an ogre skeleton
There is a stone staircase leading down here.
You climb downwards.
Found a shiny buckler.
There is a stone staircase leading up here.
You are feeling hungry.
Found a wand of disintegration.
You see here a shiny buckler.
K - a shiny buckler
Found a rapier.
L - a wand of disintegration Welcome back, luca467 the Demonspawn Monk.
Press ? for a list of commands and other information.
Are you sure you want to abandon this character and quit the game? (Confirm with "yes".)

#..###.# #......#
#<# #.#
#.##############
#.......#.......
#.......#.....
#.......#..###..#
#........@.......
#.......#..###..#
#.......#....)
###############


There were no monsters in sight!

Vanquished Creatures
  Maurice (D:8)
  Grinder (D:3)
  Eustachio (D:4)
  A deep elf fighter (D:8)
  Menkaure (D:5)
  A hippogriff (D:8)
  2 ice beasts
  3 sky beasts
  Duvessa (D:5)
  A phantom (D:6)
  3 orc warriors
  A crocodile (Sewer)
  A wasp (D:8)
  7 ogres
  A big kobold (D:7)
  Blork the orc (D:8)
  5 giant frogs
  2 gnoll sergeants (D:8)
  Dowan (D:5)
  6 wights
  5 scorpions
  3 crimson imps
  4 jellies
  A centaur zombie (D:5)
  3 quasits
  2 giant frog zombies (D:8)
  4 orc priests
  A giant frog skeleton (D:7)
  5 hounds
  Terence (D:2)
  7 orc wizards
  Natasha (thrice) (D:4)
  3 worker ants
  2 killer bee zombies (D:8)
  A hound skeleton (D:6)
  Robin (D:1)
  3 gnolls (D:6)
  13 adders
  A shadow imp (D:8)
  An ooze (D:1)
  An adder zombie (D:8)
  An adder skeleton (D:5)
  2 worms (D:2)
  5 giant geckos
  30 orcs
  6 bats
  14 giant cockroaches
  2 gnoll zombies (D:8)
  22 goblins
  6 hobgoblins
  14 kobolds
  3 quokkas
  2 ball pythons
  A giant gecko skeleton (D:5)
  5 giant newts
  19 jackals
  2 jackal skeletons (D:4)
  A quokka zombie (D:6)
  4 rats
245 creatures vanquished.

Vanquished Creatures (others)
  An orc (D:7)
1 creature vanquished.

Grand Total: 246 creatures vanquished

Notes
Turn   | Place    | Note
--------------------------------------------------------------
     0 | D:1      | luca467 the Demonspawn Monk began the quest for the Orb.
     0 | D:1      | Reached XP level 1. HP: 18/18 MP: 1/1
    69 | D:1      | Gained mutation: You have sharp fingernails. [demonic ancestry]
    69 | D:1      | Reached XP level 2. HP: 10/24 MP: 2/2
   394 | D:1      | Reached skill level 4 in Unarmed Combat
   852 | D:1      | Reached XP level 3. HP: 26/29 MP: 3/3
  1092 | D:2      | Noticed Robin
  1128 | D:1      | Killed Robin
  1611 | D:2      | Found a glowing golden altar of the Shining One.
  1735 | D:2      | Found an iron altar of Okawaru.
  1743 | D:2      | Reached XP level 4. HP: 35/35 MP: 4/4
  1830 | D:2      | Noticed Terence
  1852 | D:2      | Killed Terence
  2185 | D:2      | Found a sacrificial altar of Ru.
  2205 | D:2      | Reached XP level 5. HP: 41/41 MP: 5/5
  2208 | D:2      | Reached skill level 5 in Unarmed Combat
  2924 | D:3      | Noticed Grinder
  2943 | D:3      | Killed Grinder
  2943 | D:3      | Reached XP level 6. HP: 8/48 MP: 6/6
  3668 | D:4      | Reached skill level 6 in Unarmed Combat
  3677 | D:4      | Found an opulent altar of Gozag.
  3691 | D:4      | Reached XP level 7. HP: 48/55 MP: 7/7
  3869 | D:4      | Noticed Eustachio
  3925 | D:4      | Killed Eustachio
  4107 | D:4      | Noticed Natasha
  4113 | D:4      | Killed Natasha
  4206 | D:4      | Found a snail-covered altar of Cheibriados.
  4209 | D:4      | Found a white marble altar of Elyvilon.
  4223 | D:4      | Found a blossoming altar of Fedhas.
  4383 | D:4      | Reached skill level 5 in Fighting
  4409 | D:4      | Reached skill level 5 in Dodging
  4508 | D:4      | Noticed Natasha
  4514 | D:4      | Killed Natasha
  4546 | D:4      | Reached skill level 7 in Unarmed Combat
  4607 | D:4      | Noticed Natasha
  4616 | D:4      | Killed Natasha
  4685 | D:5      | Entered Level 5 of the Dungeon
  4690 | D:5      | Found a stormy altar of Qazlal.
  4792 | D:5      | Reached XP level 8. HP: 56/62 MP: 8/8
  4870 | D:5      | Noticed Duvessa
  4872 | D:5      | Noticed Dowan
  4878 | D:5      | Killed Duvessa
  4885 | D:5      | Killed Dowan
  5202 | D:5      | Found a glowing drain.
  5208 | Sewer    | Entered a sewer
  5380 | Sewer    | Noticed luca467's ghost (average DsMo)
  5752 | D:5      | Noticed Menkaure
  5759 | D:5      | Killed Menkaure
  5759 | D:5      | Reached skill level 8 in Unarmed Combat
  6460 | D:6      | Reached XP level 9. HP: 62/69 MP: 9/9
  6506 | D:6      | Identified the Disquisition on Cloudy Aid
  6940 | D:6      | Reached skill level 9 in Unarmed Combat
  7488 | D:7      | Found Oharch's Distillery.
  7496 | D:7      | Bought a potion of mutation for 25 gold pieces
  7496 | D:7      | Bought a potion of lignification for 30 gold pieces
  7496 | D:7      | Bought a potion of lignification for 30 gold pieces
  7496 | D:7      | Bought a potion of poison for 10 gold pieces
  7496 | D:7      | Bought a potion of flight for 30 gold pieces
  7497 | D:7      | Gained mutation: You are somewhat resistant to further mutation. [potion of mutation]
  7778 | D:7      | Found a staircase to the Ecumenical Temple.
  7787 | Temple   | Entered the Ecumenical Temple
  8116 | D:7      | Found a burning altar of Makhleb.
  8671 | D:8      | Noticed Blork the orc
  8729 | D:8      | Reached skill level 10 in Unarmed Combat
  8741 | D:8      | Killed Blork the orc
  9606 | D:8      | Gained mutation: You have very sharp fingernails. [demonic ancestry]
  9606 | D:8      | Reached XP level 10. HP: 36/79 MP: 10/10
  9811 | D:8      | Found a basalt altar of Yredelemnul.
 10172 | D:8      | Noticed Maurice
 10189 | D:8      | Killed Maurice
 10243 | D:8      | Gained mutation: You are agile. (Dex +2) [mutagenic meat]
 10438 | D:8      | Gained mutation: You tend to lose your temper in combat. [potion of mutation]
 10438 | D:8      | Gained mutation: You possess an exceptional clarity of mind. [potion of mutation]
 10699 | D:9      | Quit the game

Vault maps used:
D:1:      dpeg_arrival_radiant
D:2:      lemuel_doored_altar, nicolae_ru_great_annihilating_truth,
          lemuel_crystal_altar, uniq_robin, uniq_terence
D:3:      first_bread, uniq_grinder
D:4:      old_standard_altar, minmay_overflow_temple_star_quad,
          kennysheep_generic_room_3, uniq_eustachio, uniq_natasha
D:5:      grunt_qazlal_clouds, gup_sewer_entry_spiral, uniq_menkaure,
          uniq_duvessa
D:6:      grunt_ministairs_10, st_stairs_6, hangedman_decor_riveting
D:7:      lightli_temple_of_fire, temple_hall, serial_shops, shop_fountains
D:8:      lemuel_zombie_altar_yredelemnul, grunt_ogre_cave,
          hangedman_abyss_or_decor_stabs, sword_in_stone, uniq_maurice
D:9:      lemuel_round_altar, kiku_gazebo_pond_becter, uniq_prince_ribbit1
Temple:   nicolae_temple_great_sept
Sewer:    sewer_the_crocodile

Action                   |  1- 3 |  4- 6 |  7- 9 | 10-12 || total
-------------------------+-------+-------+-------+-------++-------
Melee: Unarmed           |   143 |   181 |   558 |    89 ||   971
Evoke: Wand              |       |       |     2 |       ||     2
  Use: Scroll            |     2 |     3 |     7 |       ||    12
       Potion            |       |       |    14 |     1 ||    15
 Stab: Sleeping          |     3 |     3 |    16 |     2 ||    24
       Distracted        |     1 |       |     2 |     2 ||     5
       Confused          |       |     2 |       |       ||     2
       Paralysed         |       |     1 |       |       ||     1
  Eat: Chunk             |     3 |     6 |    11 |     6 ||    26
       Pizza             |       |       |     2 |       ||     2
       Meat ration       |       |       |     1 |       ||     1
       Royal jelly       |       |       |     1 |       ||     1
